 Dungeon Crawl Stone Soup version 0.22-a0-367-gb72a975701 (webtiles) character file.

5534 Flugkiller the Slinger (level 11, -1/81 HPs)
             Began as a Halfling Arcane Marksman on Apr 23, 2018.
             Was a Believer of Nemelex Xobeh.
             Slain by a two-headed ogre
             ... wielding a +0 giant spiked club
              (19 damage)
             ... on level 8 of the Dungeon.
             The game lasted 00:32:07 (14279 turns).

Flugkiller the Slinger (Halfling Arcane Marksman)  Turns: 14279, Time: 00:32:08

Health: -1/81      AC: 12    Str: 14    XL:     11   Next: 1%
Magic:  14/14      EV: 15    Int: 11    God:    Nemelex Xobeh [**....]
Gold:   384        SH:  0    Dex: 16    Spells: 11/12 levels left

rFire    . . .     SeeInvis .   h - +1 dagger (elec)
rCold    . . .     Gourm    .   (shield restricted)
rNeg     . . .     Faith    .   t - +0 ring mail
rPois    .         Spirit   .   A - +2 helmet
rElec    .         Reflect  .   s - +0 cloak
rCorr    .         Harm     .   B - +1 pair of gloves
MR       .....                  (no boots)
Stlth    +.........             p - amulet of rage
HPRegen  0.23/turn              (no ring)
MPRegen  0.14/turn              (no ring)

@: no status effects
A: small, mutation resistance 1
a: Renounce Religion, Evoke Berserk Rage


You were on level 8 of the Dungeon.
You worshipped Nemelex Xobeh.
Nemelex Xobeh was pleased with you.
You were not hungry.

You visited 1 branch of the dungeon, and saw 9 of its levels.
You also visited: Sewer.

You collected 384 gold pieces.

Inventory:

Hand Weapons
 a - a +1 hunting sling
 h - a +1 dagger of electrocution (weapon)
 u - a +0 dagger of draining
Missiles
 d - 42 sling bullets
 r - 128 stones (quivered)
Armour
 s - a +0 cloak (worn)
 t - a +0 ring mail (worn)
 A - a +2 helmet (worn)
 B - a +1 pair of gloves (worn)
Jewellery
 p - an amulet of rage (around neck)
Wands
 F - a wand of paralysis (12)
 H - a wand of disintegration (3)
Scrolls
 b - 5 scrolls of teleportation
 e - 2 scrolls of amnesia
 j - 3 scrolls of blinking
 k - a scroll of enchant weapon
 q - 2 scrolls of enchant armour
 D - a scroll of fear
 E - a scroll of identify
Potions
 i - 3 potions of haste
 l - 2 potions of ambrosia
 m - 2 potions of brilliance
 o - a potion of agility
 v - 2 potions of curing
 w - 2 potions of heal wounds
 x - a potion of berserk rage
 z - 2 potions of flight
 C - a potion of might
Miscellaneous
 g - a plain deck of destruction {drawn: 3}
 y - a plain deck of escape
 G - a plain deck of escape
Comestibles
 f - 13 rations


   Skills:
 + Level 9.6 Fighting
 - Level 5.0 Short Blades
 - Level 12.0 Slings
 + Level 3.3 Armour
 + Level 4.2 Dodging
 - Level 1.0 Spellcasting
 - Level 2.4 Hexes
 - Level 5.1 Invocations


You had 11 spell levels left.
You knew the following spells:

 Your Spells              Type           Power        Failure   Level  Hunger
a - Corona                Hex            #......      24%         1    ##.....


Dungeon Overview and Level Annotations

Branches:
Dungeon (9/15)               Lair (0/6) D:8
 Temple: D:4-7          Orc: D:9-12

Altars:
Ashenzari
Fedhas
Gozag
Nemelex Xobeh
Qazlal
Uskayaw

Annotations:
D:4 exclusion: downstairs
D:6 mora's ghost, novice DDNe


Innate Abilities, Weirdness & Mutations

You are small and have problems with some larger weapons.
You are somewhat resistant to further mutation.


Message History

You hit the two-headed ogre.
The two-headed ogre is severely wounded.
The two-headed ogre closely misses you.
The two-headed ogre hits you with a giant club!
You hit the two-headed ogre.
The two-headed ogre is severely wounded.
You hit the two-headed ogre.
The two-headed ogre is severely wounded.
The two-headed ogre misses you.
The two-headed ogre hits you with a giant club!
You are too injured to fight recklessly!
You completely miss the two-headed ogre.
The two-headed ogre is severely wounded.
You hit the two-headed ogre but do no damage.
The two-headed ogre is severely wounded.
The two-headed ogre hits you with a giant spiked club!!
* * * LOW HITPOINT WARNING * * *
The two-headed ogre hits you with a giant club!!
You die...
Your body glows slightly and disappears.

.####.........#.#...,,**********,
## ##.......##.#.#,*,* *, #
##.....##*,...,,,* *, ##...##
***.#**** ***, #### ##'## *(#
*,,, ...# #.# *(# *,** ##.# #.#
*(# *,* .#.### ##.#######O# *,*
.....###...##...@.# ****,**
.#.#.##...^....#### *,,,,,,
.#.#.##........# *,**,**
...#.##.#.##...# *,**,**
........######## *,**,,,
.....#### *,***** ###### *,,,,,,
*******


You could see a two-headed ogre.

Vanquished Creatures
  An unseen horror (D:8)
  A komodo dragon (D:8)
  2 hungry ghosts
  Edmund (D:3)
  A sky beast (D:6)
  An ice beast (D:6)
  2 phantoms
  9 ogres
  An eye of draining (D:8)
  A centaur (D:8)
  7 big kobolds (Sewer)
  Blork the orc (D:5)
  5 bullfrogs
  5 scorpions
  6 killer bees (D:7)
  A wight (D:8)
  An electric eel (D:8)
  2 crimson imps
  A bullfrog skeleton (D:7)
  2 gnoll shamans
  3 hounds
  An orc priest (D:6)
  A centaur skeleton (D:6)
  3 orc wizards (D:4)
  Natasha (thrice) (D:4 D:3)
  5 worker ants
  A killer bee zombie (D:7)
  A hound zombie (D:5)
  2 hound skeletons
  13 gnolls
  A howler monkey skeleton (D:7)
  19 adders
  4 river rats (Sewer)
  2 shadow imps
  4 oozes
  An adder zombie (D:6)
  2 adder skeletons (D:4)
  8 worms
  4 dart slugs
  4 leopard geckos
  13 orcs
  9 giant cockroaches
  12 goblins
  4 hobgoblins
  21 jackals
  12 kobolds
  2 quokkas
  7 ball pythons
  11 bats
  A frilled lizard (D:3)
  2 quokka skeletons
  A quokka zombie (D:5)
  3 rats
231 creatures vanquished.

Vanquished Creatures (collateral kills)
  A two-headed ogre (D:8)
1 creature vanquished.

Vanquished Creatures (others)
  2 plants (D:8)
2 creatures vanquished.

Grand Total: 234 creatures vanquished

Notes
Turn   | Place    | Note
-------+----------+-------------------------------------------
     0 | D:1      | Flugkiller the Halfling Arcane Marksman began the quest for the Orb.
     0 | D:1      | Reached XP level 1. HP: 12/12 MP: 2/2
    21 | D:1      | Reached skill level 1 in Fighting
    21 | D:1      | Reached XP level 2. HP: 18/18 MP: 3/3
   212 | D:1      | Reached skill level 4 in Slings
   601 | D:1      | Reached XP level 3. HP: 16/23 MP: 4/4
   930 | D:1      | HP: 1/23 [dart slug/slug dart (7)]
  1656 | D:2      | Found a blossoming altar of Fedhas.
  1722 | D:2      | Found a faded altar of an unknown god.
  1735 | D:2      | Reached skill level 1 in Short Blades
  1843 | D:2      | Reached skill level 5 in Slings
  1843 | D:2      | Reached XP level 4. HP: 29/29 MP: 5/5
  2459 | D:3      | Reached XP level 5. HP: 33/34 MP: 6/6
  3039 | D:3      | Reached skill level 6 in Slings
  3684 | D:4      | Noticed an ogre
  3687 | D:4      | Noticed Edmund
  3724 | D:3      | Killed Edmund
  3724 | D:3      | Reached skill level 7 in Slings
  3724 | D:3      | Reached XP level 6. HP: 19/41 MP: 7/7
  3740 | D:3      | HP: 3/61 [poisoned by Edmund]
  3747 | D:3      | HP: 3/61 [poisoned by Edmund]
  3750 | D:3      | HP: 1/41 [poisoned by Edmund]
  4347 | D:4      | Found an opulent altar of Gozag.
  4383 | D:4      | Killed an ogre
  4383 | D:4      | Reached XP level 7. HP: 17/46 MP: 8/8
  4946 | D:4      | Noticed Natasha
  4957 | D:4      | Killed Natasha
  4960 | D:4      | Found a sparkling altar of Nemelex Xobeh.
  5009 | D:4      | Became a worshipper of Nemelex Xobeh the Trickster
  5025 | D:4      | Received a gift from Nemelex Xobeh
  5197 | D:4      | Reached skill level 8 in Slings
  5257 | D:4      | Noticed Natasha
  5270 | D:3      | Killed Natasha
  5270 | D:3      | Reached skill level 1 in Invocations
  5672 | D:3      | Noticed Natasha
  5676 | D:3      | Killed Natasha
  6164 | D:5      | Entered Level 5 of the Dungeon
  6171 | D:5      | Reached XP level 8. HP: 44/53 MP: 9/9
  6439 | D:5      | Reached skill level 9 in Slings
  6471 | D:5      | Noticed a two-headed ogre
  6715 | D:5      | Found a shattered altar of Ashenzari.
  7146 | D:5      | Reached skill level 5 in Short Blades
  7465 | D:5      | Reached skill level 10 in Slings
  7473 | D:5      | Noticed Blork the orc
  7488 | D:5      | Killed Blork the orc
  7983 | D:6      | Reached XP level 9. HP: 56/59 MP: 11/11
  8092 | D:6      | Reached skill level 11 in Slings
  8307 | D:6      | Noticed mora's ghost (novice DDNe)
  8398 | D:6      | Found a glowing drain.
  8455 | D:6      | Reached skill level 5 in Fighting
  8492 | Sewer    | Entered a sewer
  8493 | Sewer    | Reached * piety under Nemelex Xobeh
  8996 | Sewer    | Reached skill level 12 in Slings
  9090 | Sewer    | Reached skill level 5 in Invocations
 10452 | D:6      | Reached XP level 10. HP: 54/69 MP: 13/13
 11333 | D:7      | Found a hide-covered altar of Uskayaw.
 11864 | D:8      | Reached ** piety under Nemelex Xobeh
 11972 | D:8      | Noticed an unseen horror
 12003 | D:8      | Killed an unseen horror
 12330 | D:8      | Found a stormy altar of Qazlal.
 12354 | D:8      | Received a gift from Nemelex Xobeh
 12375 | D:8      | Found a staircase to the Lair.
 12605 | D:8      | Reached skill level 1 in Armour
 12737 | D:8      | Noticed a komodo dragon
 12785 | D:8      | Killed a komodo dragon
 13386 | D:8      | Received a gift from Nemelex Xobeh
 13784 | D:8      | Killed a two-headed ogre
 13784 | D:8      | Reached XP level 11. HP: 71/81 MP: 11/14
 13892 | D:9      | Noticed a two-headed ogre
 14279 | D:8      | Slain by a two-headed ogre

Vault maps used:
D:1:      lightli_arrival_chessboard
D:2:      first_ration, chequers_ecumenical_altar_simple, fedhas_altar_1
D:4:      nicolae_gozag_cash_rules_everything_around_me,
          nemelex_xobeh_ov_fountains_minmay, minmay_temple_entry_from_below_a,
          uniq_edmund, uniq_natasha
D:5:      nicolae_ashenzari_panopticon, uniq_blork_the_orc
D:6:      cheibrodos_sewer_entry_sluice
D:7:      lemuel_crystal_altar, st_stairs_6
D:8:      kennysheep_big_flooded_room, grunt_qazlal_clouds, david_lair_shrubbed,
          grunt_ogre_cave, kennysheep_generic_room_6
D:9:      serial_shops, shop, hangedman_abyss_or_decor_passed,
          lemuel_centaur_altar
Sewer:    sewer_co_tree

Skill      XL: |  1  2  3  4  5  6  7  8  9 10 |
---------------+-------------------------------+-----
Fighting       | 1 2 3 4 6 9 |  9.6
Slings         | 4 5 7 8 10 12 | 12.0
Short Blades   | 1 3 4 5 |  5.0
Invocations    | 1 3 5 |  5.1
Armour         | 3 |  3.3
Dodging        | 4 |  4.2
Spellcasting   | |  1.0
Hexes          | |  2.4

Action                   |  1- 3 |  4- 6 |  7- 9 | 10-12 || total
-------------------------+-------+-------+-------+-------++-------
Melee: Dagger            |    90 |   107 |   231 |   182 ||   610
 Fire: Hunting sling     |    17 |    63 |   510 |   127 ||   717
 Cast: Corona            |       |       |       |     4 ||     4
Evoke: Deck              |       |       |       |     3 ||     3
  Use: Scroll            |       |     5 |    10 |     9 ||    24
       Potion            |       |     3 |     1 |     5 ||     9
 Stab: Sleeping          |     2 |       |       |       ||     2
       Distracted        |       |       |     1 |       ||     1
  Eat: Chunk             |     3 |     7 |    14 |    10 ||    34
       Ration            |       |     1 |     1 |     2 ||     4
Armor: Robe              |    18 |    13 |    47 |       ||    78
       Skin              |       |     3 |       |       ||     3
       Ring mail         |       |       |     5 |    85 ||    90
Dodge: Dodged            |    78 |    75 |   271 |   148 ||   572

Table legend:
 A = Spawn XP
 B = Non-spawn XP
 C = Spawn XP percentage of total XP
 D = Spawn monster count
 E = Non-spawn monster count
 F = Spawn count percentage of total count
 G = Total turns spent on level
                    A         B        C        D         E        F      G
               +---------+---------+-------+---------+---------+-------+---------
         Total |       0 |    7907 |   0.0 |       0 |     232 |   0.0 | 14279
               +---------+---------+-------+---------+---------+-------+---------
           D:1 |       0 |      39 |   0.0 |       0 |      20 |   0.0 |  1270
           D:2 |       0 |      66 |   0.0 |       0 |      18 |   0.0 |  1110
           D:3 |       0 |     379 |   0.0 |       0 |      38 |   0.0 |  2413
           D:4 |       0 |     520 |   0.0 |       0 |      29 |   0.0 |  1720
           D:5 |       0 |     877 |   0.0 |       0 |      31 |   0.0 |  1853
           D:6 |       0 |    1225 |   0.0 |       0 |      35 |   0.0 |  1588
           D:7 |       0 |     828 |   0.0 |       0 |      16 |   0.0 |  1130
           D:8 |       0 |    3114 |   0.0 |       0 |      17 |   0.0 |  2349
         Sewer |       0 |     859 |   0.0 |       0 |      28 |   0.0 |   818
               +---------+---------+-------+---------+---------+-------+---------
